 Dungeon Crawl Stone Soup version 0.27-a0-926-g0e6d912 (webtiles) character file.

Game seed: 12854622047599446111

68 Nithhogg the Skirmisher (level 4, 0/35 HPs)
             Began as a Demonspawn Fighter on Apr 8, 2021.
             Slain by a gnoll
             ... wielding a +0 whip
              (4 damage)
             ... on level 2 of the Dungeon on Apr 9, 2021.
             The game lasted 00:04:37 (1429 turns).

Nithhogg the Skirmisher (Demonspawn Fighter)        Turns: 1429, Time: 00:04:38

Health: 0/35       AC:  6    Str: 17    XL:     4   Next: 1%
Magic:  4/4        EV:  4    Int:  9    God:
Gold:   80         SH: 13    Dex: 15    Spells: 3/3 levels left

rFire    . . .     SeeInvis .   h - +2 short sword (speed)
rCold    . . .     Faith    .   c - +0 kite shield
rNeg     . . .     Spirit   .   b - +0 scale mail
rPois    .         Reflect  .   (no helmet)
rElec    .         Harm     .   (no cloak)
rCorr    .         Rampage  .   (no gloves)
Will     .....                  (no boots)
Stlth    +.........             (no amulet)
HPRegen  0.11/turn              (no ring)
MPRegen  0.09/turn              (no ring)

@: mighty, constricted
A: thin skeletal structure 1, condensation shield
a: no special abilities


You were on level 2 of the Dungeon.
You visited 1 branch of the dungeon, and saw 2 of its levels.

You collected 80 gold pieces.

Inventory:

Hand Weapons
 a - a +0 long sword
 h - a +2 short sword of speed (weapon)
Armour
 b - a +0 scale mail (worn)
 c - a +0 kite shield (worn)
Potions
 d - a potion of might
 e - a potion of invisibility
 g - a potion of resistance {unknown}


   Skills:
 + Level 3.5 Fighting
 + Level 2.3 Long Blades
 + Level 3.2 Armour
 + Level 3.2 Shields


You had 3 spell levels left.
You didn't know any spells.
Your spell library contained the following spells:

 Spells                   Type           Power      Damage    Failure   Level
 Corona                   Hex            0%         N/A       99%         1
 Magic Dart               Conj           0%         1d3       99%         1
 Blink                    Tloc           N/A        N/A       100%        2
 Call Imp                 Summ           0%         N/A       100%        2
 Ensorcelled Hibernation  Hex/Ice        0%         N/A       100%        2
 Slow                     Hex            0%         N/A       100%        2
 Confusing Touch          Hex            0%         N/A       100%        3
 Conjure Flame            Conj/Fire      0%         6-21      100%        3
 Dazzling Flash           Conj/Hex       0%         N/A       100%        3
 Mephitic Cloud           Conj/Pois/Air  0%         N/A       100%        3
 Tukima's Dance           Hex            0%         N/A       100%        3


Dungeon Overview and Level Annotations

Branches:
Dungeon (2/15)

Altars:


Innate Abilities, Weirdness & Mutations

You have a somewhat thin skeletal structure. (Dex +2, Stealth)
A meltable shield of frost defends you. (SH +4)


Message History

* * * LOW HITPOINT WARNING * * *
The gnoll hits you with a +0 whip.
* * * LOW HITPOINT WARNING * * *
You barely miss the gnoll. You block the gnoll's attack. x2
It was a potion of curing.
You feel better.
There is an open door here.
The gnoll hits you with a +0 spear.
* * * LOW HITPOINT WARNING * * *
You puncture the gnoll!
The gnoll is heavily wounded.
The gnoll hits you but does no damage. You block the gnoll's attack.
You closely miss the gnoll.
The gnoll is heavily wounded.
The gnoll closely misses you.
You puncture the gnoll!
You kill the gnoll!
You block the gnoll's attack.
You have reached level 4!
You feel agile.
Your demonic ancestry asserts itself...
Your bones become slightly less dense.
You puncture the gnoll!
The gnoll is heavily wounded.
The ball python bites you.
* * * LOW HITPOINT WARNING * * *
The ball python barely misses you. The gnoll hits you but does no damage.
You block the ball python's attack. x2
You feel better.
The ball python bites you but does no damage.
You block the ball python's attack.
You hit the gnoll.
The gnoll is lightly wounded.
You block the gnoll's attack. The gnoll hits you with a +0 whip.
* * * LOW HITPOINT WARNING * * *
You block the ball python's attack. The ball python grabs you.
The ball python constricts you.
You puncture the gnoll!
The gnoll is severely wounded.
You block the gnoll's attack. You block the ball python's attack.
The ball python constricts you. The gnoll hits you with a +0 whip.
You die...

#..##.# #######.##.#
#...# #(.#.# #...# ##.#.#
###### #...# #.#.# ......
#...# #(#.#
..=...##...####...#######
..............#.........#
......##...S†.#S@.......#
...... #......'gg>......#
....## ##.†...##........#
.... #.....##........#
### #.....##........#
#.....##[.......#
#.....########### #######


You could see 2 gnolls and a ball python.

Vanquished Creatures
  A gnoll (D:2)
  An adder (D:2)
  3 dart slugs
  5 bats
  3 endoplasms
  2 giant cockroaches
  5 goblins
  4 hobgoblins (D:1)
  4 jackals (D:1)
  3 kobolds
  2 quokkas (D:1)
  4 ball pythons
  A rat (D:1)
38 creatures vanquished.

Notes
Turn   | Place    | Note
-------+----------+-------------------------------------------
     0 | D:1      | Nithhogg the Demonspawn Fighter began the quest for the
                  | Orb.
     0 | D:1      | Reached XP level 1. HP: 18/18 MP: 1/1
   109 | D:1      | Gained mutation: A meltable shield of frost defends you.
                  | (SH +4) [demonic ancestry]
   109 | D:1      | Reached XP level 2. HP: 14/24 MP: 2/2
   251 | D:1      | Upgraded the game from 0.27-a0-909-g0721f30 to
                  | 0.27-a0-911-gfacc319
   329 | D:1      | Found a faded altar of an unknown god.
   617 | D:1      | Reached XP level 3. HP: 29/29 MP: 3/3
   891 | D:1      | Upgraded the game from 0.27-a0-911-gfacc319 to
                  | 0.27-a0-926-g0e6d912
  1409 | D:2      | HP: 1/29 [gnoll/+0 whip (6)]
  1426 | D:2      | Gained mutation: You have a somewhat thin skeletal
                  | structure. (Dex +2, Stealth) [demonic ancestry]
  1426 | D:2      | Reached XP level 4. HP: 4/35 MP: 4/4
  1429 | D:2      | Slain by a gnoll

Illustrated notes

Levels and vault maps discovered:
D:1:      dpeg_arrival_arbitrary_c, layout_basic, basic_ecumenical_altar,
          minmay_shallow_snake_nest
D:2:      layout_basic, small_statue_intersection

Skill      XL: |  1  2 |
---------------+-------+-----
Long Blades    | 2 |  2.3
Armour         | 3 |  3.2
Shields        | 3 |  3.2
Fighting       | |  3.5

Action                   |  1- 3 |  4- 6 || total
-------------------------+-------+-------++-------
Melee: Long sword        |    80 |       ||    80
       Short sword       |    14 |     3 ||    17
  Use: Potion            |     2 |     1 ||     3
       Scroll            |     1 |       ||     1
Armor: Scale mail        |    44 |     2 ||    46
Dodge: Dodged            |    23 |     1 ||    24
Block: Kite shield       |    79 |     7 ||    86
       Rpst.: Long sword |     4 |       ||     4

Table legend: (Time is in decaauts)
 A = Elapsed time spent in this place.
 B = Non-inter-level travel time spent in this place.
 C = Inter-level travel time spent in this place.
 D = Time resting spent in this place.
 E = Time spent auto-exploring this place.
 F = Levels seen in this place.
 G = Mean time per level.
                   A        B        C        D        E       F      G
               +--------+--------+--------+--------+--------+-----+--------+
         Total |   1470 |   1403 |     67 |      0 |   1156 |   2 |  735.0 |
       Dungeon |   1470 |   1403 |     67 |      0 |   1156 |   2 |  735.0 |
               +--------+--------+--------+--------+--------+-----+--------+

Top non-repeatable levels by time:
     D:1: 1109 daAuts
     D:2: 360 daAuts
